AoeStats
← Tiantian_get

African Clearing

506123796Analyzed
4v4 RM · 2mo ago on Sep 12, 2026· 30m 46s· 8 players
Game mode
Random Map
Map size
Large (8 player)
Population
200
Speed
Normal
Resources
Standard
Victory
Conquest
Starting age
Dark Age
Ending age
Imperial Age
RankedLock teamsTeams togetherTeam positionsShared explorationLock speedFull tech treeHidden civsTurbo modeCheats
Victory
Defeat
🇮🇩 Saracens · Indonesia
1047
+14
🇨🇳 Burmese · China
1038
+15
🇮🇩 Mongols · Indonesia
979
+17
🇦🇷 Magyars · Argentina
977
+17
vs
🇩🇪 Vietnamese · Germany
1056
-18
🇦🇿 Persians · Azerbaijan
1000
-48
🇧🇷 Vikings · Brazil
997
-15
🇺🇦 Inca · Ukraine
972
-14
King_Slayyyer23
13:25 Feudal Age
16:37 Double-Bit Axe
16:46 Loom
17:26 Forging
17:10 Fletching
26:38 Castle Age
Saulvir
6:09 Loom
18:21 Feudal Age
19:06 Man-at-Arms
19:41 Double-Bit Axe
22:42 Horse Collar
27:04 Wheelbarrow
Alogib
13:52 Feudal Age
14:28 Double-Bit Axe
14:33 Loom
14:17 Champi Runner
20:16 Castle Age
19:19 Forging
19:47 Scale Mail Armor
20:40 Stone Mining
22:23 Bow Saw
21:37 Champi Warrior
23:09 Squires
23:15 Gold Mining
24:25 Pikeman
26:55 Wheelbarrow
28:27 Iron Casting
28:45 Horse Collar
30:54 Chain Mail Armor
30:51 Heavy Plow
HaweN
13:53 Feudal Age
23:28 Castle Age
21:43 Double-Bit Axe
22:16 Gold Mining
23:14 Scale Mail Armor
23:28 Forging
24:58 Loom
Kambing_Ngamuk
3:42 Loom
14:54 Feudal Age
15:28 Double-Bit Axe
20:09 Bloodlines
20:55 Horse Collar
22:48 Scale Barding Armor
26:12 Castle Age
24:08 Gold Mining
24:09 Stone Mining
24:55 Forging
27:15 Husbandry
Tiantian_get
14:58 Feudal Age
13:29 Loom
20:00 Castle Age
20:32 Horse Collar
24:13 Forging
30:53 Iron Casting
you go die
3:19 Loom
15:22 Feudal Age
20:10 Castle Age
19:20 Double-Bit Axe
26:26 Bloodlines
OtongSlayer
3:53 Loom
14:37 Feudal Age
16:40 Double-Bit Axe
19:24 Castle Age
18:14 Stone Mining
21:15 Gold Mining
22:14 Gold Mining
23:20 Fletching
25:52 Padded Archer Armor
27:22 Ballistics
27:18 Leather Archer Armor
27:34 Bodkin Arrow
29:15 Bloodlines
Connection lost

Rejoining the realm…

Still unreachable

The connection could not be restored.

Session expired

The server has moved on; the page needs a fresh start.